 Dungeon Crawl Stone Soup version 0.21-a0-51-gea492e9 (webtiles) character file.

6664 KristoblXynda the Carver (level 10, -5/73 HPs)
             Began as a Green Draconian Gladiator on June 12, 2017.
             Was a Priest of Ashenzari.
             Slain by Erolcha
             ... wielding a +8 giant spiked club
              (36 damage)
             ... on level 9 of the Dungeon.
             The game lasted 00:21:15 (10375 turns).

KristoblXynda the Carver (DrGl)                    Turns: 10375, Time: 00:21:16

Health: -5/73      AC: 10    Str: 17    XL:     10   Next: 73%
Magic:  16/16      EV: 16    Int: 15    God:    Ashenzari [***...]
Gold:   332        SH:  0    Dex: 12    Spells: 9/9 levels left

rFire    . . .     SeeInvis +   x - +0 scimitar (flame) (curse)
rCold    . . .     Gourm    .   (no shield)
rNeg     . . .     Faith    .   (armour unavailable)
rPois    +         Spirit   .   b - +1 hat (curse)
rElec    .         Reflect  .   (no cloak)
rCorr    .         Harm     .   (no gloves)
MR       .....                  (no boots)
Stlth    +++.......             (no amulet)
Regen    0.3/turn               A - +2 ring of protection (curse)
MPRegen  0.2/turn               E - +3 ring of intelligence

@: short of breath
A: breathe noxious fumes, unfitting armour, poison resistance, cold-blooded, AC
+7
a: Breathe Noxious Fumes, Curse Item, Scrying, Renounce Religion


You were on level 9 of the Dungeon.
You worshipped Ashenzari.
Ashenzari was most pleased with you.
You were hungry.

You visited 2 branches of the dungeon, and saw 10 of its levels.

You collected 457 gold pieces.
You spent 125 gold pieces at shops.

Inventory:

Hand Weapons
 x - a cursed +0 scimitar of flaming (weapon)
Missiles
 c - 4 throwing nets (quivered)
Armour
 b - a cursed +1 hat (worn)
 C - a cursed +0 large shield
Jewellery
 n - an uncursed ring of magical power
 A - a cursed +2 ring of protection (left hand)
 E - a +3 ring of intelligence (right hand)
Wands
 k - a wand of clouds (2/9)
 t - a wand of confusion (12/48)
 G - a wand of flame (19/48)
Scrolls
 j - a scroll of fear
 o - 4 scrolls of teleportation
 r - 2 scrolls of remove curse
 s - a scroll of amnesia
 w - a scroll of magic mapping
 y - 2 scrolls of enchant armour
Potions
 e - 5 potions of degeneration {unknown}
 f - a potion of might
 g - 2 potions of curing
 h - 2 potions of resistance
 i - 2 potions of heal wounds {unknown}
 m - a potion of cancellation
 p - a potion of lignification
 q - a potion of agility {unknown}
 u - 3 potions of magic
 v - 2 potions of flight
 z - a potion of berserk rage {unknown}
 D - a potion of haste
 H - 2 potions of ambrosia
Comestibles
 a - 3 chunks of flesh
 d - 7 bread rations
 l - 8 meat rations
 B - 22 fruits


   Skills:
 - Level 2.1 Fighting
 + Level 9.9(12.6) Long Blades
 - Level 4.3 Throwing
 - Level 8.0 Dodging
 + Level 4.6 Stealth
 + Level 8.4 Evocations


You had 9 spell levels left.
You didn't know any spells.

Dungeon Overview and Level Annotations

Branches:
Dungeon (9/15)             Temple (1/1) D:6
   Lair: D:8-11         Orc: D:9-12

Altars:
Ashenzari
Cheibriados
Dithmenos
Elyvilon
Fedhas
Gozag
Hepliaklqana
Kikubaaqudgha
Makhleb
Nemelex Xobeh
Okawaru
Qazlal
Ru
Sif Muna
Trog
Uskayaw
Vehumet
Wu Jian
Xom
Yredelemnul
Zin
The Shining One

Shops:
D:7 *

Annotations:
D:9 Erolcha


Innate Abilities, Weirdness & Mutations

You can breathe blasts of noxious fumes.
Your lurid green scales are hard. (AC +7)
You cannot fit into any form of body armour.
Your system is resistant to poisons. (rPois)
You are cold-blooded and may be slowed by cold attacks.


Message History

Erolcha is almost dead.
A scorpion comes into view.
Found a stone staircase leading up.
Erolcha seems less confused.
Erolcha hits you with an enchanted giant spiked club!
You closely miss Erolcha.
You tail-slap Erolcha, but do no damage.
Erolcha is almost dead.
You hit Erolcha. You burn Erolcha.
You tail-slap Erolcha, but do no damage.
Erolcha is almost dead.
Erolcha screams, "Erolcha crush your head!"
Erolcha hits you with an enchanted giant spiked club!!
You closely miss Erolcha.
Your tail-slap misses Erolcha.
Erolcha is almost dead.
You hit Erolcha but do no damage.
You tail-slap Erolcha, but do no damage.
Erolcha is almost dead.
Erolcha hits you with an enchanted giant spiked club!!!
You die...

########..(##
*, ##...# , ,
#..### *
##.##.#
######..#..#
,,
##......#).##
##.........##
#....<†...##
#.....O@..#
#.........#
#.........#
#?........#
#.........#
#.........#
#.........#
#...<...s.# ,
,


You could see Erolcha and a scorpion (sleeping).

Vanquished Creatures
  Erica (D:8)
  2 two-headed ogres (D:8)
  Pikel (D:6)
  Joseph (D:9)
  Grinder (D:3)
  3 hippogriffs
  Sigmund (D:2)
  4 orc warriors
  2 phantoms
  9 ogres
  3 centaurs
  2 big kobolds
  A bullfrog (D:8)
  A wyvern zombie (D:6)
  A scorpion (D:4)
  A water moccasin skeleton (D:5)
  2 killer bees (D:8)
  2 vampire bats (D:5)
  2 crimson imps
  A quasit (D:8)
  2 hounds
  6 orc priests
  2 jellies
  6 orc wizards
  A centaur skeleton (D:7)
  Jessica (D:2)
  2 bullfrog skeletons
  3 iguanas
  3 worker ants
  6 adders
  2 oozes (D:2)
  3 dart slugs
  9 leopard geckos
  25 orcs
  13 bats
  5 giant cockroaches
  6 goblins
  9 hobgoblins
  6 jackals
  14 kobolds
  A ball python (D:6)
  5 frilled lizards
  3 quokka skeletons
  12 rats
186 creatures vanquished.

Vanquished Creatures (collateral kills)
  A killer bee (D:8)
  A hound (D:8)
2 creatures vanquished.

Vanquished Creatures (others)
  An adder (D:6)
1 creature vanquished.

Grand Total: 189 creatures vanquished

Notes
Turn   | Place    | Note
-------+----------+-------------------------------------------
     0 | D:1      | KristoblXynda the Draconian Gladiator began the quest for the Orb.
     0 | D:1      | Reached XP level 1. HP: 17/17 MP: 1/1
     6 | D:1      | Noticed a hound
     6 | D:1      | Noticed a salamander
     6 | D:1      | Noticed a polar bear
     6 | D:1      | Noticed a lindwurm
     6 | D:1      | Noticed a worker ant
    98 | D:1      | Found a shattered altar of Ashenzari.
   123 | D:1      | Became a worshipper of Ashenzari the Shackled
   253 | D:1      | Reached XP level 2. HP: 24/24 MP: 2/2
   888 | D:2      | Noticed Sigmund
   955 | D:2      | Noticed Jessica
   963 | D:2      | HP: 1/24 [Jessica/club (3)]
   966 | D:2      | Killed Jessica
   966 | D:2      | Reached XP level 3. HP: 2/29 MP: 3/3
  1553 | D:1      | Reached XP level 4. HP: 36/36 MP: 4/4
  1653 | D:2      | Found a shimmering altar of Xom.
  1782 | D:2      | Reached * piety under Ashenzari
  1865 | D:2      | Killed Sigmund
  1865 | D:2      | Reached skill level 4 in Long Blades
  1865 | D:2      | Reached XP level 5. HP: 19/41 MP: 5/5
  2313 | D:3      | Noticed Grinder
  2331 | D:3      | Paralysed by Grinder for 3 turns
  2337 | D:3      | Killed Grinder
  2337 | D:3      | Reached skill level 5 in Long Blades
  2337 | D:3      | Reached XP level 6. HP: 38/48 MP: 6/6
  3318 | D:4      | Your scales start taking on a lurid green colour.
  3318 | D:4      | Reached XP level 7. HP: 50/55 MP: 7/7
  3318 | D:4      | Gained mutation: Your system is resistant to poisons. (rPois) [Green Draconian growth]
  3409 | D:4      | Reached skill level 1 in Evocations
  3839 | D:4      | Reached skill level 5 in Dodging
  4328 | D:5      | Entered Level 5 of the Dungeon
  4468 | D:5      | Reached ** piety under Ashenzari
  4483 | D:5      | Found a sparkling altar of Nemelex Xobeh.
  4645 | D:5      | Reached skill level 6 in Long Blades
  4645 | D:5      | Reached XP level 8. HP: 37/61 MP: 10/10
  6149 | D:5      | Found a sacrificial altar of Ru.
  6149 | D:5      | Found a deep blue altar of Sif Muna.
  6356 | D:6      | Reached skill level 7 in Long Blades
  6576 | D:6      | Found a staircase to the Ecumenical Temple.
  6634 | Temple   | Entered the Ecumenical Temple
  6892 | D:6      | Found an iron altar of Okawaru.
  7168 | D:6      | Noticed Pikel
  7222 | D:6      | Killed Pikel
  7222 | D:6      | Reached skill level 5 in Evocations
  7222 | D:6      | Reached XP level 9. HP: 17/67 MP: 13/13
  7734 | D:7      | Reached skill level 8 in Long Blades
  8472 | D:7      | Found Buniug's Assorted Antiques.
  8487 | D:7      | Reached *** piety under Ashenzari
  8495 | D:7      | Bought a thick emerald amulet for 125 gold pieces
  8766 | D:8      | Found a bloodstained altar of Trog.
  8939 | D:8      | Found a glowing golden altar of the Shining One.
  9365 | D:8      | Noticed Erica
  9408 | D:8      | Killed Erica
  9408 | D:8      | Reached skill level 9 in Long Blades
  9408 | D:8      | Reached XP level 10. HP: 33/73 MP: 15/15
  9580 | D:8      | Noticed a two-headed ogre
  9591 | D:8      | Killed a two-headed ogre
 10031 | D:8      | Noticed a two-headed ogre
 10049 | D:8      | Killed a two-headed ogre
 10318 | D:9      | Noticed Joseph
 10351 | D:9      | Killed Joseph
 10356 | D:9      | Noticed Erolcha
 10375 | D:9      | Slain by Erolcha

Vault maps used:
D:1:      onia_arrival_zoo_common, nicolae_ashenzari_panopticon
D:2:      xom_teletrap_fun, uniq_sigmund, uniq_jessica
D:3:      first_bread, minmay_randomly_rotated_circles, uniq_grinder
D:4:      minmay_misc_feat_room
D:5:      corexii_shack_village, gammafunk_temple_overflow_wave,
          lemuel_round_altar, minmay_misc_feat_x, roderic_batcave, hex_large
D:6:      lemuel_doored_altar, minmay_temple_entry_hall, uniq_pikel
D:7:      serial_shops, nicolae_shop_overgrown_old_shop
D:8:      grunt_temple_overflow_open, blue_anna_alchemist, uniq_erica
D:9:      minmay_orc_entry_temple_small, fedhas_altar_fruit_tree, uniq_erolcha,
          uniq_joseph
Temple:   eino_temple_water

Skill      XL: |  1  2  3  4  5  6  7  8  9 10 |
---------------+-------------------------------+-----
Throwing       | 2 3 4 |  4.3
Dodging        | 3 4 5 7 8 |  8.0
Long Blades    | 4 5 6 7 9 |  9.9
Evocations     | 3 5 7 8 |  8.4
Stealth        | 2 4 |  4.6
Fighting       | |  2.1

Action                   |  1- 3 |  4- 6 |  7- 9 | 10-12 || total
-------------------------+-------+-------+-------+-------++-------
Melee: Long sword        |    54 |    88 |   490 |       ||   632
       Tailslap          |     6 |    10 |    88 |    14 ||   118
       Unarmed           |       |     4 |       |       ||     4
       Scimitar          |       |       |       |    58 ||    58
Invok: Curse Item        |       |       |     2 |     1 ||     3
 Abil: Breathe Noxious F |       |       |    17 |     5 ||    22
Evoke: Wand              |       |       |     7 |       ||     7
  Use: Potion            |     2 |     2 |     6 |       ||    10
       Scroll            |     2 |     2 |    11 |     1 ||    16
 Stab: Sleeping          |     2 |       |     1 |     1 ||     4
       Confused          |       |       |    16 |     6 ||    22
  Eat: Chunk             |     1 |     2 |    11 |     3 ||    17
       Meat ration       |       |     1 |     1 |       ||     2
       Fruit             |       |       |     5 |     1 ||     6
       Royal jelly       |       |       |     1 |       ||     1
Armor: Skin              |    22 |    29 |   196 |     5 ||   252
Dodge: Dodged            |    40 |    64 |   453 |    31 ||   588
       Rpst.: Long sword |    18 |    22 |   128 |       ||   168
       Scimitar          |       |       |       |    11 ||    11
